General information
- name: BNet
- type: Ladder team game (AT/RT)
- host: Battle.net
- saver: Ger.bigboy1997
map: Highperch
- players: 6
- length: 16:30
- speed: Fast
- version: 1.27 W3XP
- replay type:

» download(134 KB)
Players
team 1 (winner)
1winRank327 (
teal | 83 APM | 1364 actions | 16:29)
4 Warden
2 Shadow Strike
2 Blink
» actions
| Assign group hotkey | 46 | |
| Basic commands | 21 | |
| Build / train | 47 | |
| Enter build submenu | 18 | |
| Enter hero's abilities submenu | 4 | |
| Right click | 841 | |
| Select / deselect | 208 | |
| Select group hotkey | 127 | |
| Use ability | 52 | |
1364 total
» units
| Wisp | 21 | |
| Druid of the Talon | 5 | |
26 total
» upgrades
| Ultravision | 1 | |
| Well Spring | 1 | |
| Strength of the Wild | 2 | |
| Reinforced Hides | 1 | |
| Druid of the Talon Training | 1 | |
6 total
» buildings
| Altar of Elders | 1 | |
| Moon Well | 8 | |
| Tree of Ages | 1 | |
| Tree of Life | 1 | |
| Tree of Eternity | 2 | |
| Hunter's Hall | 1 | |
| Ancient of Wonders | 1 | |
| Ancient of Wind | 2 | |
17 total
» build order
00:32 Altar of Elders
00:34 Moon Well
01:28 Moon Well
05:22 Tree of Ages
06:08 Moon Well
06:15 Moon Well
06:48 Tree of Life
07:46 Tree of Eternity
07:49 Hunter's Hall
09:54 Ancient of Wonders
10:18 Moon Well
10:19 Moon Well
10:30 Moon Well
10:31 Moon Well
10:53 Ancient of Wind
10:56 Ancient of Wind
» items
| Boots of Speed | 1 | |
| Lesser Clarity Potion | 1 | |
| Healing Salve | 1 | |
| Orb of Venom | 1 | |
| Staff of Teleportation | 1 | |
5 total
Ger.bigboy1997 (
blue | 119 APM | 1967 actions | 16:30)
4 Blademaster
2 Wind Walk
2 Critical Strike
» actions
| Assign group hotkey | 13 | |
| Basic commands | 19 | |
| Build / train | 54 | |
| Enter build submenu | 31 | |
| Enter hero's abilities submenu | 5 | |
| Remove unit from queue | 2 | |
| Right click | 1304 | |
| Select / deselect | 219 | |
| Select group hotkey | 202 | |
| Use ability | 116 | |
1967 total
» units
» upgrades
| Ranged Weapons | 2 | |
| Liquid Fire | 1 | |
| Armor | 1 | |
4 total
» buildings
| Altar of Storms | 1 | |
| Orc Burrow | 5 | |
| War Mill | 1 | |
| Watch Tower | 17 | |
| Voodoo Lounge | 2 | |
| Stronghold | 2 | |
| Beastiary | 2 | |
| Fortress | 1 | |
31 total
» build order
00:07 Altar of Storms
00:19 Orc Burrow
00:35 War Mill
01:49 Watch Tower
02:00 Voodoo Lounge
02:18 Watch Tower
02:30 Voodoo Lounge
02:39 Orc Burrow
03:25 Watch Tower
03:30 Watch Tower
03:45 Stronghold
03:45 Stronghold
04:21 Watch Tower
04:22 Watch Tower
05:45 Orc Burrow
05:51 Watch Tower
05:55 Watch Tower
05:59 Watch Tower
06:40 Beastiary
06:42 Beastiary
07:24 Fortress
08:14 Watch Tower
08:15 Watch Tower
08:15 Watch Tower
08:28 Watch Tower
08:30 Watch Tower
09:25 Watch Tower
09:27 Watch Tower
09:28 Watch Tower
10:30 Orc Burrow
12:20 Orc Burrow
» items
| Boots of Speed | 1 | |
| Staff of Teleportation | 1 | |
| Healing Salve | 1 | |
| Lesser Clarity Potion | 5 | |
| Orb of Lightning | 1 | |
9 total
iggy-4-real (
red | 120 APM | 1980 actions | 16:29)
3 Mountain King
2 Storm Bolt
1 Bash
2 Paladin
1 Holy Light
1 Divine Shield
2 Blood Mage
1 Banish
1 Siphon Mana
» actions
| Assign group hotkey | 385 | |
| Basic commands | 13 | |
| Build / train | 78 | |
| Enter build submenu | 55 | |
| Enter hero's abilities submenu | 7 | |
| Give item / drop item | 2 | |
| Remove unit from queue | 1 | |
| Right click | 837 | |
| Select / deselect | 209 | |
| Select group hotkey | 285 | |
| Use ability | 108 | |
1980 total
» units
» upgrades
| Masonry | 3 | |
| Lumber Harvesting | 2 | |
| Magic Sentry | 1 | |
| Sorceress Training | 2 | |
| Priest Training | 1 | |
| Cloud | 1 | |
10 total
» buildings
| Altar of Kings | 1 | |
| Farm | 5 | |
| Scout Tower | 43 | |
| Lumber Mill | 1 | |
| Arcane Tower | 4 | |
| Guard Tower | 24 | |
| Keep | 1 | |
| Arcane Vault | 2 | |
| Castle | 1 | |
| Arcane Sanctum | 1 | |
| Town Hall | 1 | |
| Gryphon Aviary | 1 | |
| Blacksmith | 1 | |
| Barracks | 1 | |
87 total
» build order
00:06 Altar of Kings
00:27 Farm
00:59 Scout Tower
01:01 Scout Tower
01:19 Farm
01:23 Lumber Mill
01:29 Scout Tower
01:30 Scout Tower
01:35 Arcane Tower
01:44 Farm
01:51 Scout Tower
01:57 Arcane Tower
02:19 Scout Tower
02:22 Scout Tower
02:24 Guard Tower
02:25 Guard Tower
02:41 Scout Tower
03:04 Guard Tower
03:04 Guard Tower
03:06 Scout Tower
03:08 Arcane Tower
03:29 Guard Tower
03:31 Scout Tower
03:32 Scout Tower
03:38 Scout Tower
03:51 Guard Tower
03:52 Scout Tower
03:53 Scout Tower
04:03 Keep
04:17 Guard Tower
04:19 Scout Tower
04:40 Arcane Vault
04:42 Arcane Vault
05:05 Guard Tower
05:06 Scout Tower
05:56 Guard Tower
05:59 Scout Tower
06:00 Scout Tower
06:02 Guard Tower
06:03 Scout Tower
06:17 Farm
06:20 Farm
06:56 Guard Tower
06:59 Scout Tower
07:02 Scout Tower
07:03 Guard Tower
07:12 Castle
07:53 Guard Tower
07:54 Scout Tower
08:27 Arcane Sanctum
08:35 Arcane Tower
09:13 Town Hall
09:18 Guard Tower
09:20 Scout Tower
09:26 Guard Tower
09:53 Guard Tower
09:55 Scout Tower
09:56 Scout Tower
10:34 Scout Tower
10:37 Scout Tower
10:39 Scout Tower
10:52 Guard Tower
10:55 Scout Tower
10:55 Scout Tower
12:12 Guard Tower
12:13 Scout Tower
12:14 Scout Tower
12:16 Guard Tower
12:22 Scout Tower
12:26 Scout Tower
12:27 Scout Tower
12:41 Gryphon Aviary
12:42 Blacksmith
12:44 Barracks
12:59 Guard Tower
13:03 Scout Tower
13:07 Scout Tower
13:08 Scout Tower
13:09 Guard Tower
13:13 Scout Tower
13:14 Scout Tower
13:15 Scout Tower
14:35 Guard Tower
14:37 Scout Tower
14:38 Scout Tower
14:53 Guard Tower
» items
| Boots of Speed | 2 | |
| Staff of Teleportation | 1 | |
| Dust of Appearance | 1 | |
| Potion of Invisibility | 1 | |
| Healing Salve | 1 | |
| Staff of Sanctuary | 2 | |
| Lesser Clarity Potion | 1 | |
| Orb of Lightning | 1 | |
| Scroll of Regeneration | 1 | |
11 total
team 2 (loser)
CuH_MopKoB (
yellow | 73 APM | 1211 actions | 16:28)
2 Death Knight
1 Unholy Aura
1 Death Coil
1 Dreadlord
1 Sleep
» actions
| Assign group hotkey | 16 | |
| Basic commands | 2 | |
| Build / train | 35 | |
| Enter build submenu | 15 | |
| Enter hero's abilities submenu | 4 | |
| Remove unit from queue | 1 | |
| Right click | 619 | |
| Select / deselect | 200 | |
| Select group hotkey | 295 | |
| Use ability | 24 | |
1211 total
» units
| Acolyte | 2 | |
| Ghoul | 3 | |
| Crypt Fiend | 4 | |
| Meatwagon | 5 | |
| Frost Wyrm | 4 | |
18 total
» upgrades
| Creature Attack | 3 | |
| Burrow | 1 | |
| Creature Carapace | 1 | |
| Freezing Breath | 1 | |
6 total
» buildings
| Crypt | 1 | |
| Altar of Darkness | 1 | |
| Ziggurat | 7 | |
| Graveyard | 1 | |
| Halls of the Dead | 1 | |
| Sacrificial Pit | 1 | |
| Black Citadel | 1 | |
| Slaughterhouse | 1 | |
| Tomb of Relics | 1 | |
| Boneyard | 1 | |
16 total
» build order
00:08 Crypt
00:10 Altar of Darkness
00:14 Ziggurat
01:07 Graveyard
02:00 Ziggurat
02:08 Ziggurat
02:52 Halls of the Dead
04:50 Ziggurat
05:36 Sacrificial Pit
05:40 Black Citadel
06:11 Slaughterhouse
07:24 Tomb of Relics
08:05 Boneyard
08:10 Ziggurat
12:33 Ziggurat
13:45 Ziggurat
Gladis (
orange | 67 APM | 1092 actions | 16:11)
1 Blademaster
1 Wind Walk
1 Shadow Hunter
1 Healing Wave
1 Tauren Chieftain
1 Endurance Aura
» actions
| Assign group hotkey | 44 | |
| Basic commands | 31 | |
| Build / train | 48 | |
| ESC pressed | 1 | |
| Enter build submenu | 14 | |
| Enter hero's abilities submenu | 3 | |
| Remove unit from queue | 1 | |
| Right click | 406 | |
| Select / deselect | 182 | |
| Select group hotkey | 313 | |
| Use ability | 49 | |
1092 total
» units
| Peon | 10 | |
| Grunt | 3 | |
| Demolisher | 3 | |
| Wind Rider | 2 | |
| Shaman | 2 | |
| Kodo Beast | 1 | |
21 total
» upgrades
| Armor | 2 | |
| Ranged Weapons | 2 | |
| Melee Weapons | 0 | |
| Shaman Training | 2 | |
| Envenomed Spears | 1 | |
| Burning Oil | 1 | |
8 total
» buildings
| Altar of Storms | 1 | |
| Orc Burrow | 7 | |
| Barracks | 1 | |
| Voodoo Lounge | 1 | |
| War Mill | 1 | |
| Stronghold | 6 | |
| Beastiary | 2 | |
| Spirit Lodge | 1 | |
| Fortress | 2 | |
22 total
» build order
00:09 Altar of Storms
00:20 Orc Burrow
00:35 Barracks
01:22 Voodoo Lounge
02:35 Orc Burrow
03:07 War Mill
03:41 Orc Burrow
04:31 Stronghold
04:32 Stronghold
04:32 Stronghold
04:32 Stronghold
06:40 Orc Burrow
07:01 Beastiary
07:05 Beastiary
08:32 Spirit Lodge
09:04 Fortress
09:05 Fortress
10:57 Orc Burrow
10:58 Orc Burrow
12:10 Orc Burrow
sperm (
pink | 164 APM | 2663 actions | 16:15)
2 Blademaster
1 Wind Walk
1 Critical Strike
» actions
| Assign group hotkey | 51 | |
| Basic commands | 65 | |
| Build / train | 87 | |
| ESC pressed | 6 | |
| Enter build submenu | 29 | |
| Enter hero's abilities submenu | 2 | |
| Right click | 1270 | |
| Select / deselect | 276 | |
| Select group hotkey | 802 | |
| Use ability | 75 | |
2663 total
» units
| Peon | 14 | |
| Grunt | 9 | |
| Troll Batrider | 22 | |
| Raider | 3 | |
48 total
» upgrades
| Pillage | 1 | |
| Liquid Fire | 1 | |
| Ranged Weapons | 2 | |
| Ensnare | 1 | |
5 total
» buildings
| Altar of Storms | 1 | |
| Orc Burrow | 6 | |
| Barracks | 1 | |
| Voodoo Lounge | 2 | |
| Stronghold | 1 | |
| War Mill | 2 | |
| Beastiary | 2 | |
| Fortress | 3 | |
| Watch Tower | 5 | |
| Great Hall | 1 | |
24 total
» build order
00:10 Altar of Storms
00:24 Orc Burrow
01:04 Barracks
01:38 Orc Burrow
01:53 Voodoo Lounge
03:09 Stronghold
03:45 Orc Burrow
04:42 Orc Burrow
05:26 War Mill
06:05 Beastiary
08:16 Beastiary
08:22 Fortress
08:22 Fortress
10:40 War Mill
11:06 Watch Tower
11:14 Watch Tower
11:24 Watch Tower
12:43 Great Hall
13:01 Watch Tower
13:18 Voodoo Lounge
14:06 Watch Tower
14:52 Orc Burrow
15:13 Orc Burrow
» items
| Circlet of Nobility | 9 | |
| Lesser Clarity Potion | 2 | |
| Healing Salve | 2 | |
| Scroll of Town Portal | 1 | |
| Boots of Speed | 1 | |
| Dust of Appearance | 2 | |
17 total
Chat log
(03:16 / All) 1winRank327: bye bye brian
(03:24 / Allies) 1winRank327: what was right hsop
(03:59 / Allies) 1winRank327: fiend and tech
(04:16 / Allies) 1winRank327: grunt runby
(04:30 / Allies) 1winRank327: we all show up
(04:31 / Allies) 1winRank327: where da xp at
(05:02 / All) 1winRank327: hi brian
(05:24 / All) iggy-4-real: no escape
(05:26 / All) iggy-4-real: No escape
(05:30 / All) Ger.bigboy1997: lol
(05:37 / All) 1winRank327: your fiend is dying
(05:39 / All) 1winRank327: your friend is dying
(06:12 / Allies) 1winRank327: ok which side
(06:14 / Allies) 1winRank327: shall i build tree on
(06:17 / Allies) 1winRank327: yeah i sent you 500
(06:21 / Allies) 1winRank327: can send more in a sec
(06:32 / Allies) 1winRank327: iggy which mine you taking
(06:33 / All) iggy-4-real: good use of tp
(06:49 / All) Gladis: tower robos
(06:59 / All) 1winRank327: how u lose to tower robos
(07:09 / Allies) 1winRank327: iggy give tyler some of the money i gave you
(07:57 / Allies) 1winRank327: game of grunts
(08:08 / All) Ger.bigboy1997: lol
(08:10 / All) 1winRank327: good tp
(08:12 / All) 1winRank327: -350 gold
(08:31 / Allies) 1winRank327: my tree nearly done
(08:33 / Allies) 1winRank327: or we do miltia
(09:15 / Allies) 1winRank327: left side now
(09:17 / Allies) 1winRank327: heal at moonwells
(11:14 / All) Ger.bigboy1997: stop losing dk? brian bad
(11:36 / Allies) 1winRank327: im omw
(11:58 / Allies) 1winRank327: beware i saw bm
(11:59 / Allies) 1winRank327: earleier
(12:56 / Allies) 1winRank327: wacky kodod
(13:06 / Allies) 1winRank327: lots of air
(13:08 / Allies) 1winRank327: i continue making dotts
(14:11 / Allies) 1winRank327: their leash range is insanely long
(14:12 / Allies) 1winRank327: uh oh
(14:13 / Allies) 1winRank327: orange
(14:17 / Allies) 1winRank327: care
(14:27 / Allies) 1winRank327: bats flying
(14:28 / Allies) 1winRank327: toi our shit
(14:39 / Allies) 1winRank327: OH YEs
(15:26 / Allies) 1winRank327: cafe bm
(15:51 / Allies) 1winRank327: hahaha
(15:52 / Allies) 1winRank327: brutal
(16:11 / All) iggy-4-real: a lvl 1 blademaster has died
(16:23 / All) Ger.bigboy1997: go
(16:24 / All) Ger.bigboy1997: out
(16:24 / All) Ger.bigboy1997: of her
(16:25 / All) Ger.bigboy1997: e